Cogmind - Beta 15 @@@ ROGUE MODE // 2025.06.17 @ 13:24:32 Player: the Result: Destroyed by IX-QH9(R) with Subdweller Laser Performance ------------- Evolutions (0) 0 Regions Visited (2) 400 Robots Destroyed (33) 165 Value Destroyed (651) 651 Prototype IDs (0) 0 Alien Tech Used (0) 0 Bonus (0) 0 TOTAL SCORE: 1216 Bonus ------- None Cogmind --------- Core Integrity 0/250 Matter 7/300 Energy 265/265 System Corruption 0% Temperature Cool (6) Movement Treading (240) Ox1 Location -10/Subcaves Parts ------- > --- POWER (1) -------- Improved Ion Engine > --- PROPULSION (2) --- Light Treads Light Treads > --- UTILITY (2) ------ High-capacity Storage Unit Medium Armor Plating > --- WEAPON (2) ------- Shotgun Shotgun > --- INVENTORY (20) --- Improved Ion Engine Improved Ion Engine Light Treads Light Treads Armored Wheel Armored Wheel Armored Wheel Armored Wheel High-capacity Matter Pod (149) Structural Scanner Medium Armor Plating Medium Armor Plating Medium Armor Plating Tractor Beam Beam Rifle Beam Rifle Battle Cannon Rocket Launcher Rocket Launcher Subdweller Shrapnel Launcher Peak State ------------ > --- POWER ------------ Improved Ion Engine > --- PROPULSION ------- Light Treads Light Treads > --- UTILITY ---------- High-capacity Storage Unit Medium Armor Plating > --- WEAPON ----------- Shotgun Shotgun > --- INVENTORY -------- Improved Ion Engine Improved Ion Engine Light Treads Light Treads Armored Wheel Armored Wheel Armored Wheel Armored Wheel High-capacity Matter Pod Structural Scanner Medium Armor Plating Medium Armor Plating Medium Armor Plating Tractor Beam Beam Rifle Beam Rifle Rocket Launcher Rocket Launcher Rocket Launcher Rocket Launcher [Rating: 14] Favorites ----------- Power Improved Ion Engine Engine Improved Ion Engine Propulsion Light Treads Treads Light Treads Wheel Wheel Utility High-capacity Storage Unit Device Seismic Detector Storage High-capacity Storage Unit Processor Transport Network Coupler Protection Medium Armor Plating Weapon Medium Laser Energy Gun Medium Laser Ballistic Gun Shotgun Ballistic Cannon Battle Cannon Launcher Rocket Launcher Special Weapon Mining Laser Build | -11 -10 -10 ------- Run | Yrd Mat Sub Slots Evolved . | . . . Power . | . . . Propulsion . | . . . Utility . | . . . Weapon . | . . . Parts Attached 35 | 8 24 3 Power 4 | 2 2 . Engine 4 | 2 2 . Core . | . . . Reactor . | . . . Propulsion 10 | 2 8 . Treads 5 | 2 3 . Leg . | . . . Wheel 5 | . 5 . Hover . | . . . Flight . | . . . Utility 10 | 2 8 . Device 3 | 1 2 . Storage 4 | 1 3 . Processor 1 | . 1 . Hackware . | . . . Protection 2 | . 2 . Artifact . | . . . Weapon 11 | 2 6 3 Energy Gun 3 | . 3 . Energy Cannon . | . . . Ballistic Gun 4 | 2 2 . Ballistic Cannon 1 | . . 1 Launcher 2 | . . 2 Special Weapon 1 | . 1 . Impact Weapon . | . . . Slashing Weapon . | . . . Piercing Weapon . | . . . Special Melee Weapon . | . . . Unidentified Prototypes . | . . . Parts Lost 3 | . 3 . Power 1 | . 1 . Propulsion 1 | . 1 . Utility . | . . . Weapon 1 | . 1 . Highest Loss Streak 2 | . 2 . To Critical Strikes . | . . . Average Backups 14 | 3 14 19 Power . | . . 2 Propulsion 4 | 1 4 6 Utility 5 | . 5 6 Weapon 3 | 1 3 5 Tool/Special . | . . . Unused Backups 33 | 2 13 18 Power 2 | . . 2 Propulsion 14 | 2 6 6 Utility 10 | . 5 5 Weapon 7 | . 2 5 Tool/Special . | . . . Average Slot Usage (%) 97 | . 97 100 Engine 11 | . 11 14 Treads 19 | . 18 28 Wheel 8 | . 9 . Device 11 | . 12 4 Storage 14 | . 14 14 Protection 2 | . 1 9 Energy Gun 9 | . 11 . Ballistic Gun 14 | . 14 12 Launcher 2 | . . 13 Special Weapon 1 | . 1 . Peak Build Rating 14 | 7 14 14 Average Rating 9 | 5 9 13 On Entrance 7 | . 7 14 Naked Turns . | . . . Heaviest Build 62 | 13 60 62 Greatest Support 40 | 40 40 40 Greatest Overweight (x) 2 | 1 2 1 Average Overweight (x) 1 | . 1 1 Largest Inventory Capacity 20 | 8 20 20 Average Capacity 15 | 7 15 20 Most Carried 20 | 7 20 20 Average Carried 14 | 3 14 19 Final Capacity 20 | 8 20 20 Final Carried 20 | 6 20 20 Class Distribution -------------------- 95% | Mutant 4% | Scavenger-Mutant Dominant Class ---------------- Mutant | -10/Materials Mutant | -10/Subcaves Resources | -11 -10 -10 ----------- Run | Yrd Mat Sub Matter Collected 1037 | 322 649 66 Remotely 15 | . . 15 Salvage Created 964 | 150 741 73 Parts 67 | 12 48 7 Haulers Intercepted 2 | . 2 . Recyclers Shooed 3 | 1 2 . Parts Field Recycled . | . . . Retrieved Matter . | . . . Parts Self-Destructed 5 | . . 5 Prevented . | . . . Kills | -11 -10 -10 ------- Run | Yrd Mat Sub Combat Hostiles Destroyed 24 | . 19 5 Guns 20 | . 19 1 AOE 4 | . . 4 Classes Destroyed 9 | 2 6 1 Worker 1 | . 1 . Tunneler 3 | 3 . . Hauler 2 | . 2 . Recycler 1 | 1 . . Operator 1 | . 1 . Watcher 1 | . 1 . Swarmer 11 | . 8 3 Grunt 11 | . 11 . Subdweller 2 | . . 2 Best Kill Streak 6 | 2 6 3 Combat Bots Only 5 | . 5 3 Max Kills in Single Turn 2 | 1 2 2 Gunslinging 1 | . 1 . Exploded 2 | . . 2 Melee . | . . . Uniques/NPCs Destroyed . | . . . Combat | -11 -10 -10 -------- Run | Yrd Mat Sub Hostile Shots Fired 152 | . 124 28 Missed 44 | . 37 7 Hits 108 | . 87 21 Projectile 108 | . 87 21 Damage Taken 1173 | . 849 324 Core 254 | . 167 87 Absorbed by Shields . | . . . Regen/Repaired (Parts) 24 | . 24 . Core Remaining (%) 100 | 100 . . Volleys Fired 115 | 7 85 23 Largest 2 | 2 2 2 Hottest 100 | 40 100 66 Shots Fired 208 | 14 163 31 Gun 188 | 14 160 14 Cannon 9 | . . 9 Launcher 8 | . . 8 Special 3 | . 3 . Kinetic 122 | 14 85 23 Thermal 69 | . 69 . Explosive 8 | . . 8 Electromagnetic 9 | . 9 . Robot Hit Streak 11 | 8 9 11 Robot Miss Streak 3 | 1 3 3 Penetration Max . | . . . Secondary Targets 4 | . 4 . Max Gunslinging Chain 1 | . 1 . Shots Hit Robots 122 | 10 99 13 Core Hits 52 | 5 39 8 Critical Kills . | . . . Critical Parts Destroyed . | . . . Critical Strikes 5 | . 5 . Burn 5 | . 5 . Melee Attacks . | . . . Impact . | . . . Slashing . | . . . Piercing . | . . . Sneak Attacks . | . . . Combat Hostiles . | . . . Follow-up Attacks . | . . . Damage Inflicted 1908 | 124 1276 508 Guns 1562 | 124 1276 162 Cannons . | . . . Explosions 346 | . . 346 Melee . | . . . Ramming . | . . . Kinetic 944 | 124 658 162 Thermal 566 | . 566 . Explosive 346 | . . 346 Electromagnetic 52 | . 52 . Impact . | . . . Slashing . | . . . Piercing . | . . . Highest Corruption . | . . . Average Corruption . | . . . Corruption Purged . | . . . Corruption Blocked . | . . . Overload Shots . | . . . Overflow Damage 5 | . . 5 Projectiles . | . . . Explosions 5 | . . 5 Melee . | . . . Knockbacks . | . . . Impact . | . . . Kinetic . | . . . Secondary . | . . . Self-Inflicted Damage . | . . . Shots . | . . . Rammed . | . . . Targets Rammed . | . . . Kicked . | . . . Crushed . | . . . Highest Temperature 320 | . 320 . Average Temperature 73 | . 73 . Received Heat Transfer 333 | . 279 54 Siege Activations . | . . . Martial Activations . | . . . Shielding Activations . | . . . Robots Disrupted . | . . . Combat Hostiles . | . . . Robots Corrupted . | . . . Combat Hostiles . | . . . Parts Fried . | . . . Impact Corruptions . | . . . Robots Melted . | . . . Combat Hostiles . | . . . Parts Melted 6 | . 6 . Heat Transferred 2035 | . 2035 . Parts Sabotaged . | . . . Parts Stolen . | . . . Parts Stripped . | . . . Power Chain Reactions . | . . . Alert | -11 -10 -10 ------- Run | Yrd Mat Sub Maximum Alert Level 1 | . 1 . Low Security (%) 95 | 100 95 . Level 1 4 | . 4 . Level 2 . | . . . Level 3 . | . . . Level 4 . | . . . Level 5 . | . . . High Security . | . . . Max Security . | . . . Peak Influence 219 | 10 219 . Initial . | . . . Average 102 | 1 110 . Influence Increases 666 | 20 576 70 Destroy 0b10 Robot/C 440 | . 380 60 Destroy 0b10 Robot/NC 45 | 20 25 . Destroy Leader 96 | . 86 10 Successful Hack 35 | . 35 . Disable Machine 15 | . 15 . Destroy Structure 5 | . 5 . Lose Combat Pursuer 30 | . 30 . Influence Decreases 666 | 20 511 135 Entered New Map 32 | . . 32 Time Decay 604 | 20 481 103 Lost Part 30 | . 30 . Squads Dispatched 4 | . 4 . Investigation 2 | . 2 . Extermination . | . . . Reinforcement 2 | . 2 . Assault . | . . . Garrison . | . . . Intercept . | . . . Searches Triggered . | . . . Construction Impeded . | . . . Haulers Reinforced . | . . . Active Scanning Responses . | . . . Cargo Convoy Interrupts . | . . . Stealth | -11 -10 -10 --------- Run | Yrd Mat Sub Distress Signals 2 | . 2 . Communications Jammed . | . . . Distress Signals . | . . . Times Spotted 37 | . 30 7 Peak Tracking Total 6 | . 6 3 Tactical Retreats 2 | . 2 . Traps | -11 -10 -10 ------- Run | Yrd Mat Sub Traps Triggered 2 | . 2 . Indirectly . | . . . Trap Hack Attempts . | . . . Triggered . | . . . Disarmed . | . . . Reprogrammed . | . . . Reused . | . . . Traps Extracted . | . . . Installed . | . . . Triggered . | . . . Machines | -11 -10 -10 ---------- Run | Yrd Mat Sub Machines Disabled 1 | . 1 . Max in Single Turn 1 | . 1 . Machines Repaired . | . . . Machines Dismantled . | . . . Machines Sabotaged . | . . . Overloaded Fab Kills . | . . . Hacking | -11 -10 -10 --------- Run | Yrd Mat Sub Machines Accessed 8 | . 8 . Terminals 6 | . 6 . Fabricators . | . . . Repair Stations 1 | . 1 . Recycling Units 1 | . 1 . Scanalyzers . | . . . Garrison Access . | . . . Total Hacks 21 | . 21 . Successful 11 | . 11 . Failed 10 | . 10 . Catastrophic 3 | . 3 . Database Lockouts . | . . . Manual 11 | . 11 . Terminals 17 | . 17 . Fabricators . | . . . Repair Stations 2 | . 2 . Recycling Units 2 | . 2 . Scanalyzers . | . . . Garrison Access . | . . . Terminal Hacks 5 | . 5 . Hauler Manifests 2 | . 2 . Registered Components 1 | . 1 . Zone Layout 2 | . 2 . Fabricator Hacks . | . . . Repair Station Hacks 2 | . 2 . Scan Component 1 | . 1 . Repair 1 | . 1 . Recycling Unit Hacks . | . . . Scanalyzer . | . . . Garrison Access Hacks . | . . . Unauthorized Hacks 4 | . 4 . Terminals 4 | . 4 . Botnet 3 | . 3 . Operators 1 | . 1 . Fabricators . | . . . Repair Stations . | . . . Recycling Units . | . . . Scanalyzers . | . . . Garrison Access . | . . . Data Cores Recovered . | . . . Used . | . . . Hacking Detections 7 | . 7 . Full Trace Events . | . . . Feedback Events . | . . . Feedback Blocked . | . . . Robot Schematics Acquired . | . . . Robots Built . | . . . Authchips . | . . . Time . | . . . Total Robot Build Rating . | . . . Part Schematics Acquired . | . . . Parts Built . | . . . Authchips . | . . . Time . | . . . Total Part Build Rating . | . . . Parts Repaired 1 | . 1 . Time 16 | . 16 . Parts Recycled . | . . . Recycled Matter . | . . . Retrieved Matter . | . . . Retrieved Components . | . . . Parts Scanalyzed . | . . . Part Schematics Acquired . | . . . Parts Damaged . | . . . Bothacking | -11 -10 -10 ------------ Run | Yrd Mat Sub Used RIF Installer . | . . . Robots Hacked . | . . . Non-combat . | . . . Combat . | . . . Robot Hacks Applied . | . . . Relay Couplers Released . | . . . Fabnet Peak Effective % . | . . . Robots Rewired . | . . . Allies Hacked . | . . . Hacks Repelled . | . . . Allies | -11 -10 -10 -------- Run | Yrd Mat Sub Total Allies . | . . . Largest Group . | . . . Highest-Rated Group . | . . . Highest-Rated Ally . | . . . Total Orders . | . . . Ally Attacks . | . . . Total Damage . | . . . Kills . | . . . Allies Corrupted . | . . . Allies Melted . | . . . Intel | -11 -10 -10 ------- Run | Yrd Mat Sub Active Infowar (turns) 1356 | 33 1323 . Seismic 1354 | 33 1321 . T.N.C. 2 | . 2 . Robot Analysis Total . | . . . Derelict Logs Recovered . | . . . Drone Launches . | . . . Drone Recoveries . | . . . Exploration | -11 -10 -10 ------------- Run | Yrd Mat Sub Turns Passed 2180 | 137 1684 359 Spaces Moved 1006 | 63 826 117 Core 8 | 8 . . Treads 600 | 55 428 117 Legs . | . . . Wheels 398 | . 398 . Hover . | . . . Flight . | . . . Fastest Speed 50 | 50 80 240 Average Speed 163 | 149 153 240 Slowest Speed 320 | 160 320 240 Overloaded Moves . | . . . Propulsion Burnouts . | . . . Robots Hopped . | . . . Potential Cave-ins . | . . . Cave-ins Triggered . | . . . Exploration Rate (%) 37 | 4 97 11 Regions Visited 2 Branch Regions 1 Pre-discovered Areas . | . . . Known Exits Taken . | . . . Unknown Exits Taken 2 | 1 1 . Scrap Searched . | . . . Spaces Dug 3 | . 3 . Terrain Destroyed 49 | . 3 46 Melee . | . . . Projectile 3 | . 3 . AOE 46 | . . 46 Terrain Rammed . | . . . Walls Destroyed . | . . . Machines Disabled . | . . . Actions | -11 -10 -10 --------- Run | Yrd Mat Sub Total 1337 | 89 1085 163 Wait 74 | 2 61 11 Move 1004 | 62 825 117 Hop . | . . . Pick Up 52 | 8 42 2 Fast Attach 12 | 7 5 . Attach 5 | . 5 . Detach . | . . . Swap 34 | 1 25 8 Drop 41 | 2 37 2 Fire 115 | 7 85 23 Melee . | . . . Ram . | . . . Kick . | . . . Crush . | . . . Escape Stasis . | . . . Rewire . | . . . Trap . | . . . Miscellaneous . | . . . Route ------- -11/Scrapyard -10/Materials (discovered 5 exits: [*Mat x3] / [*Min] / [*Sub]) -10/Subcaves (discovered 1 exit: [*Mat]) History --------- Turn | Location | Event 14 | -11/Scrapyard | Discovered new exit (range 15) 138 | -11/Scrapyard | Entered Materials 341 | -10/Materials | Build established: Mutant 458 | -10/Materials | Discovered new exit (range 16) 707 | -10/Materials | Discovered new exit (range 6) 771 | -10/Materials | Core integrity fell below 50% 1012 | -10/Materials | Discovered new exit (range 8) 1255 | -10/Materials | Discovered new exit (range 6) 1469 | -10/Materials | Repaired Imp. Ion Engine 1809 | -10/Materials | Discovered new exit (range 6) 1822 | -10/Materials | Entered Subcaves 1823 | -10/Subcaves | Approached by a straggling Scientist 1900 | -10/Subcaves | Discovered new exit (range 15) 2029 | -10/Subcaves | Shifting Twisted Machinery released Sub. Shrapnel Launcher 2069 | -10/Subcaves | Core integrity fell below 20% 2181 | -10/Subcaves | Destroyed by IX-QH9(R) with Subdweller Laser Last Messages --------------- 02036_ The unstable cave ceiling collapses. 02040_ VY-V2S(u) builds Twisted Machinery. 02045_ Subatomizers dissect the Sub. Power Source. 02045_ The unstable cave ceiling collapses. 02047_ VY-V2S(u) builds Twisted Machinery. 02076_ UO-5Q1(R) destroyed. Q5-HZF(c): "I think it's somewhere northwest of here" 02077_ VY-V2S(u) builds Twisted Machinery. 02079_ Acquired 51 matter. 02084_ Dropped Rocket Launcher. 02085_ Acquired Battle Cannon. 02091_ Acquired Sub. Shrapnel Launcher. Q5-HZF(c): "I think it's somewhere northwest of here" 02163_ Q5-HZF(c) destroyed. 02164_ Tech Extrapolator violently self-destructs. 02178_ Subatomizers dissect the Wheel. Map ----- +----------------------------------------------------+ | ?????????????????????????????????????????????????? | | ?????????????????????????????????????????????????? | | ?????????????????????????????????????????????????? | | ?????????????????????????????????????????????????? | | ?????????????????????????????????????????????????? | | ?????????????????????????????????????????????????? | | ?????????????????????????????????????????????????? | | ?????????????????????????????????????????????????? | | ?????????????????????????????????????????????????? | | ?????????????????????????????????????????????????? | | ?????????????????????????????????????????????????? | | ?????????????????????????????????????????????????? | | ?????????????????????????????????????????????????? | | ?????????????????????##??????????????????????????? | | ?????????????????????# ??????????????????????????? | | ????????????????????? ??????????????????????????? | | ???????????????#?????# ?????????????????????????? | | ???????????????? ??### ?????????????????????????? | | ????????????????? ## ?????????????????????????? | | ?????????????????? ?????????????????????????? | | ??????????????????? ????????????????????????? | | ???????????????????? ????????????????????????? | | ?????????????????????# ????????????????????????? | | ??????????????????????# ##??????????????????????? | | ??????????????????????## ###????????????????????? | | ??????????????????????# @# ###??????????????????? | | ??????????????????????## R ##?????????????????? | | ???????????????????????# R " "#?????????????????? | | ???????????????????????###""" #?????????????????? | | ?????????????????????????##" ##?????????????????? | | ??????????????????????????## =!#?????????????????? | | ????????????????????????#### %##?????????????????? | | ????????????????????????# "# #?????????????????? | | ????????????????????????# "###?????????????????? | | ?????????????????????####" ##??????????????????? | | ????????????????????## ## " ""##?????????????????? | | ??????????????????### "" """"" ????????????????? | | ???????????????#### " "" """"# ???????????????? | | ?????????????###"" """ ###"##? ???????????????? | | ?????????????# "" " "" ##?#"" ?????????????????? | | ?????????????# "" ##"#####""#?????????????????? | | ?????????????#" # """ #""#?????????????????? | | ???????????""""## ]##"" """#?????????????????? | | ???????????"????# ] "" " " #?????????????????? | | ????????????????# " " " " #?????????????????? | | ????????????????####" "# ## ##????????????????? | | ???????????????????## ""# # #????????????????? | | ???????????????????## "" # #????????????????? | | ???????????? #????# """ ## #????????????????? | | ???????????# ###""""" # #????????????????? | +----------------------------------------------------+ Best States ------------- Heat Dissipation 35 Energy Generation 12 Energy Capacity 265 Matter Stores 300 Matter Capacity 300 Sight Range 16 Terrain Scan Density 10 Armor Coverage 225 Evasion (%) 42 Recoil Reduction 2 Item Schematics ----------------- None Robot Schematics ------------------ None Fabricated ------------ Nothing Repaired ---------- Imp. Ion Engine | 65% | -10/Materials Alien Tech Used ----------------- None Achievements -------------- None Challenges ------------ None Game ------ Seed BackupMatterReconfigurator Manual? 0 Play Time 00:22:03 Cumulative 161.3 hours Start 2025.06.17 @ 13:02:25 End 2025.06.17 @ 13:24:32 Sessions 1 Manual Loads 0 Difficulty Rogue Special Mode None Game No. 113 Rogue 113 Adventurer 0 Explorer 0 Win Type - Total 1 Types 1/0/0/0/0/0/0/0/0/0 Lore% 57 Gallery% 54 Achievement% 48 Wizard Run 0 Options --------- Layout 1 ASCII 0 Keyboard 0 Movement Mouse Keybinds 0 Fullscreen 1 Font 24/Smallcaps Map View 50x35 Zoom Use 0% Tactical HUD 1 Map Filters NONE Filters NONE Steam 1 RUN: 072154d5-00ab-413a-9f95-0c20ba201b97